 Dungeon Crawl Stone Soup version 0.28-a0-1387-g3a22ab9bdc (webtiles) character file.

Game seed: 16395634039093056186

1020 gimp the Destroyer (level 8, 0/46 HPs)
             Began as a Tengu Wanderer on Jan 2, 2022.
             Slain by a hornet (9 damage)
             ... on level 5 of the Dungeon.
             The game lasted 00:08:06 (5219 turns).

gimp the Destroyer (Tengu Wanderer)                 Turns: 5219, Time: 00:08:07

Health: 0/46       AC:  4    Str:  9    XL:     8   Next: 22%
Magic:  16/16      EV: 16    Int: 21    God:
Gold:   116        SH:  0    Dex: 11    Spells: 12/16 levels left

rFire   . . .      SeeInvis .   a - +0 dagger
rCold   . . .      Faith    .   (no shield)
rNeg    + . .      Spirit   .   m - +2 robe {rN+}
rPois   .          Reflect  +   (helmet restricted)
rElec   .          Harm     .   (no cloak)
rCorr   .          Rampage  .   (no gloves)
Will    .....                   (boots unavailable)
Stlth   +.........              p - amulet "Poitulil" {Reflect Slay+2 SH+5}
HPRegen 0.15/turn               (no ring)
MPRegen 0.15/turn               (no ring)

@: confused, brilliant, lethally poisoned (0 -> -5), ambrosia-drunk, flying
quickly and evasively, very slightly contaminated, slowed, very slow
A: beak, talons 3, nimble flight
a: no special abilities


You were on level 5 of the Dungeon.
You visited 1 branch of the dungeon, and saw 5 of its levels.

You collected 226 gold pieces.
You spent 110 gold pieces at shops.

Inventory:

Hand Weapons
 a - a +0 dagger (weapon)
Armour
 m - a +2 robe of positive energy (worn)
Jewellery
 p - the amulet "Poitulil" (around neck) {Reflect Slay+2 SH+5}
   (You bought it in a shop on level 5 of the Dungeon)

   [amulet of reflection]

   It reflects blocked missile attacks.
   Slay:      It affects your accuracy & damage with ranged weapons and melee
   (+2).
   SH:        It affects your SH (+5).
Scrolls
 c - 2 scrolls of teleportation
 e - a scroll of fear {unknown}
 f - a scroll of holy word {unknown}
 i - 3 scrolls of identify {unknown}
 j - a scroll of blinking {unknown}
 n - a scroll of brand weapon {unknown}
Potions
 b - a potion of haste {unknown}
 d - a potion of curing {unknown}
 g - 3 potions of brilliance
 h - a potion of mutation {unknown}
 k - a potion of ambrosia
 l - a potion of flight
 o - a potion of lignification {unknown}


   Skills:
 - Level 3.0 Fighting
 - Level 5.0 Dodging
 * Level 4.6 Spellcasting
 * Level 8.5 Conjurations
 - Level 1.3 Air Magic
 + Level 2.1 Earth Magic


You had 12 spell levels left.
You knew the following spells:

 Your Spells              Type           Power      Damage    Failure   Level
a - Shock                 Conj/Air       100%       1d9       1%          1
b - Stone Arrow           Conj/Erth      80%        3d12      3%          3

Your spell library contained the following spells:

 Spells                   Type           Power      Damage    Failure   Level
 Magic Dart               Conj           100%       1d8       1%          1
 Searing Ray              Conj           100%       2d8       1%          2
 Sandblast                Erth           40%        2d10      4%          1
 Conjure Flame            Conj/Fire      34%        6-21      6%          3
 Passwall                 Tmut/Erth      10%        N/A       11%         2
 Ensorcelled Hibernation  Hex/Ice        14%        N/A       17%         2
 Swiftness                Air            15%        N/A       19%         3
 Fulminant Prism          Conj/Hex       17%        3d11      19%         4
 Tukima's Dance           Hex            7%         N/A       34%         3
 Cause Fear               Hex            3%         N/A       75%         4
 Dragon Form              Tmut           3%         N/A       100%        7
 Enfeeble                 Hex            3%         N/A       100%        7
 Dragon's Call            Summ           3%         N/A       100%        9


Dungeon Overview and Level Annotations

Branches:
Dungeon (5/15)
 Temple: D:4-7

Altars:
Yredelemnul

Shops:
D:3 [   D:5 *


Innate Abilities, Weirdness & Mutations

You have a beak for a mouth.
You have claws for feet.
Your magical nature lets you fly swiftly and evasively.


Message History

You are very lightly contaminated with residual magic.
Nothing appears to happen.
You feel very sick. The hornet closely misses you.
You block the hornet's attack.
You take 3 damage, and have 30/46 hp.
You now have 1/16 mp.
Okay, then.
You aren't carrying any items that you can evoke.
Unknown command.
You feel yourself speed up.
You feel sick. You block the hornet's attack.
You take 2 damage, and have 28/46 hp.
It was a potion of brilliance.
You feel clever all of a sudden.
You feel sick. The hornet stings you!
* * * LOW HITPOINT WARNING * * *
You are lethally poisoned!
You feel yourself slow down. The hornet barely misses you.
You take 15 damage, and have 13/46 hp.
MASSIVE DAMAGE!!
It was a potion of ambrosia.
You are confused.
You feel invigorated.
You feel very sick. The hornet stings you!
* * * LOW HITPOINT WARNING * * *
You feel as though you will be slow longer.
The hornet completely misses you.
You take 6 damage, and have 7/46 hp.
You regained 7 mp, and now have 9/16 mp.
You're too confused to move!
You feel very sick. The hornet stings you!
* * * LOW HITPOINT WARNING * * *
You feel as though you will be slow longer.
The hornet closely misses you.
You take 2 damage, and have 5/46 hp.
You regained 6 mp, and now have 15/16 mp.
It was a potion of flight.
You feel more buoyant.
You feel sick. The hornet stings you!
You die...

.
#...#####...#...#####
..# . #...#
#...#...#...#...# .
##.#. .#.###.#.....#
# .###.
.###.).###..†## ....
# #.....#.###.# # #
..#...#...# .# # #..
#####...# #
#...#...#...#
#$...@#.###.#
##..y###...#
#.###.#...).# #.
..#...#...# #
#...##### ..# #..h# #
##.#. .###. .. #


You could see a hornet.

Vanquished Creatures
  Pikel (D:4)
  A water moccasin (D:4)
  An ogre (D:3)
  A phantom (D:5)
  2 hounds (D:4)
  Jessica (D:3)
  A howler monkey zombie (D:5)
  Robin (D:3)
  7 adders
  3 adder skeletons (D:4)
  4 worms
  4 orcs
  7 endoplasms
  4 giant cockroaches
  12 goblins
  10 hobgoblins
  2 jackals (D:1)
  6 quokkas
  9 ball pythons
  10 bats
  4 frilled lizards (D:1)
  5 kobolds
  2 rats (D:1)
98 creatures vanquished.

Notes
Turn   | Place    | Note
-------+----------+-------------------------------------------
     0 | D:1      | gimp the Tengu Wanderer began the quest for the Orb.
     0 | D:1      | gimp set off with the following items: a +0 dagger, a +0
                  | robe, a scroll of teleportation; and the following spells
                  | available to memorise: Shock, Conjure Flame, Stone Arrow,
                  | Swiftness
     0 | D:1      | Reached XP level 1. HP: 14/14 MP: 3/3
     2 | D:1      | Learned a level 1 spell: Shock
   209 | D:1      | Reached XP level 2. HP: 19/19 MP: 1/4
   739 | D:1      | Reached XP level 3. HP: 23/23 MP: 3/6
   784 | D:1      | Learned a level 3 spell: Stone Arrow
  1688 | D:2      | Reached XP level 4. HP: 28/28 MP: 4/8
  1768 | D:2      | Found a faded altar of an unknown god.
  1894 | D:2      | Reached skill level 5 in Conjurations
  2052 | D:2      | Found a basalt altar of Yredelemnul.
  2487 | D:3      | Found Nearph's Armour Shop.
  2573 | D:3      | Noticed Robin
  2589 | D:3      | Killed Robin
  2597 | D:3      | Gained mutation: Your magical nature lets you fly swiftly
                  | and evasively. [Tengu growth]
  2597 | D:3      | Reached XP level 5. HP: 26/32 MP: 2/9
  2763 | D:3      | Noticed Jessica
  2766 | D:3      | Killed Jessica
  3439 | D:4      | Noticed an ogre
  3458 | D:3      | Killed an ogre
  3459 | D:3      | Reached XP level 6. HP: 37/37 MP: 0/11
  3630 | D:4      | Reached skill level 6 in Conjurations
  4073 | D:4      | Reached skill level 1 in Earth Magic
  4257 | D:4      | Noticed a water moccasin
  4260 | D:4      | Killed a water moccasin
  4528 | D:4      | Reached XP level 7. HP: 40/41 MP: 5/13
  4647 | D:5      | Entered Level 5 of the Dungeon
  4647 | D:5      | Noticed Pikel
  4698 | D:4      | Killed Pikel
  4699 | D:4      | Reached skill level 5 in Dodging
  4699 | D:4      | Reached skill level 8 in Conjurations
  4699 | D:4      | Reached XP level 8. HP: 25/46 MP: 0/15
  5116 | D:5      | Found Fuanifid's Assorted Antiques.
  5123 | D:5      | Bought a twitching lead amulet for 110 gold pieces
  5123 | D:5      | Identified the amulet "Poitulil" {Reflect Slay+2 SH+5} (You
                  | bought it in a shop on level 5 of the Dungeon)
  5208 | D:5      | Noticed a hornet
  5219 | D:5      | Slain by a hornet

Illustrated notes

Levels and vault maps discovered:
D:1:      shiori_arrival_maze, layout_basic, serial_bayou_pond_a
D:2:      layout_rooms, basic_altar, ebering_ecumenical_altar_mist,
          item_on_display_a
D:3:      layout_loops_corners, serial_shops, shop, uniq_robin, uniq_jessica
D:4:      layout_basic, serial_rivers, chequers_serial_rivers_room_a,
          chequers_serial_rivers_micro_c, chequers_serial_rivers_large_a,
          chequers_serial_rivers_room_b, chequers_serial_rivers_small_b
D:5:      nicolae_cairo_tiling, layout_loops_ring, minmay_temple_entry_junction,
          serial_shops, shop, kennysheep_generic_room_12,
          uniq_crazy_yiuf_cottage, uniq_ijyb, uniq_pikel

Skill      XL: |  1  2  3  4  5  6  7  8 |
---------------+-------------------------+-----
Dodging        | 3 4 5 |  5.0
Spellcasting   | 2 3 4 |  4.6
Conjurations   | 5 6 8 |  8.5
Earth Magic    | 1 2 |  2.1
Fighting       | |  3.0
Air Magic      | |  1.3

Action                   |  1- 3 |  4- 6 |  7- 9 || total
-------------------------+-------+-------+-------++-------
Melee: Dagger            |     8 |       |       ||     8
       Peck              |     1 |       |       ||     1
       Kick              |     1 |       |       ||     1
 Cast: Shock             |    82 |   128 |     1 ||   211
       Stone Arrow       |       |     4 |    21 ||    25
  Use: Potion            |       |       |     3 ||     3
Armor: Robe              |     9 |    13 |     2 ||    24
Dodge: Dodged            |    17 |    40 |     7 ||    64
Block: Other             |       |       |     2 ||     2

Table legend: (Time is in decaauts)
 A = Elapsed time spent in this place.
 B = Non-inter-level travel time spent in this place.
 C = Inter-level travel time spent in this place.
 D = Time resting spent in this place.
 E = Time spent auto-exploring this place.
 F = Levels seen in this place.
 G = Mean time per level.
                   A        B        C        D        E       F      G
               +--------+--------+--------+--------+--------+-----+--------+
         Total |   5101 |   4998 |    103 |    285 |   4014 |   5 | 1020.2 |
       Dungeon |   5101 |   4998 |    103 |    285 |   4014 |   5 | 1020.2 |
               +--------+--------+--------+--------+--------+-----+--------+

Top non-repeatable levels by time:
     D:1: 1263 daAuts
     D:4: 1240 daAuts
     D:3: 1177 daAuts
     D:2: 1015 daAuts
     D:5: 404 daAuts
